 Dungeon Crawl Stone Soup version 0.22-a0-352-gc608dd7 (console) character file.

198 vegansnacktivist the Scratcher (level 5, -1/24 HPs)
             Began as a Felid Berserker on Apr 14, 2018.
             Was a Believer of Trog.
             Killed by divine providence
             ... invoked by an orc priest
              (12 damage)
             ... on level 4 of the Dungeon.
             The game lasted 00:02:54 (2247 turns).

vegansnacktivist the Scratcher (Felid Berserker)    Turns: 2247, Time: 00:02:55

Health: -1/24      AC:  1    Str: 14    XL:     5   Next: 47%
Magic:  6/6        EV: 19    Int:  9    God:    Trog [**....]
Gold:   251        SH:  0    Dex: 15    Spells: 4/4 levels left
                                        Lives:  0   Deaths: 1

rFire    . . .     SeeInvis +     - Unarmed
rCold    . . .     Gourm    .   (shield unavailable)
rNeg     . . .     Faith    .   (armour unavailable)
rPois    .         Spirit   .   (helmet unavailable)
rElec    .         Reflect  .   (cloak unavailable)
rCorr    .         Harm     .   (gloves unavailable)
MR       .....                  (boots unavailable)
Stlth    ++........             (no amulet)
HPRegen  0.08/turn              (no ring)
MPRegen  0.10/turn              (no ring)

@: quick
A: very small, no armour, no weapons or thrown items, stealth, claws 1, fangs 3,
see invisible, carnivore, speed 1, shaggy fur 1, slow metabolism 1, sharp paws
a: Berserk, Trog's Hand, Renounce Religion


You were on level 4 of the Dungeon.
You worshipped Trog.
Trog was pleased with you.
You were full.

You visited 1 branch of the dungeon, and saw 4 of its levels.

You collected 251 gold pieces.

Inventory:

Jewellery
 i - an uncursed ring of positive energy {unknown}
Scrolls
 b - 4 scrolls of identify {unknown}
 e - a scroll of enchant armour {unknown}
 f - a scroll of noise {unknown}
 g - 3 scrolls of fog {unknown}
 h - a scroll of blinking {unknown}
 j - 3 scrolls of teleportation {unknown}
 l - 2 scrolls of remove curse {unknown}
Potions
 c - a potion of heal wounds {unknown}
 d - 3 potions of resistance {unknown}
 k - a potion of haste {unknown}
Comestibles
 a - 8 rations
 m - a chunk of flesh


   Skills:
 - Level 3.0 Fighting
 - Level 4.0 Dodging
 + Level 6.9 Unarmed Combat


You had 4 spell levels left.
You didn't know any spells.

Dungeon Overview and Level Annotations

Branches:
Dungeon (4/15)             Temple (0/1) D:4

Altars:
Wu Jian

Annotations:
D:3 ghost0087's ghost, amateur VSFi


Innate Abilities, Weirdness & Mutations

You cannot wear armour.
You are incapable of wielding weapons or throwing items.
Your paws allow you to move quietly. (Stealth)
You have sharp claws.
You have razor-sharp teeth.
You have supernaturally acute eyesight. (SInv)
You are carnivorous and can eat meat at any time.
You cover ground quickly.
You are covered in fur. (AC +1)
You have a slow metabolism.
Your sharp claws are effective at attacking unaware monsters.


Message History

The orc wizard is almost dead.
The orc wizard misses you.
You scratch the orc wizard. Your bite misses the orc wizard.
The orc wizard is almost dead.
You claw the orc wizard!
You kill the orc wizard!
Trog accepts your kill.
Trog appreciates your killing of a magic user.
Items here: )) [[ † a dagger; a robe; a morningstar; a leather armour; an orc corpse An orc priest comes into view.
It is wielding a dagger.
You catch the helpless orc completely off-guard!
You claw the orc!
You kill the orc!
Trog accepts your kill.
The orc priest shouts!
The orc priest calls down the wrath of Beogh upon you.
Beogh smites you!
Ouch! That really hurt!
You die...

.. .... ######..#
.# ##...##..##.##..
#.................$
#..................
#...........>......
#.....(..........
... ..
#<@.)...)........
#$# .#
##o##...?.....#
##.##.####.
#l####..§§...#
...........
..o#....§..?.#
..(........
....#.........#
..!.....o.o
....#...#.....#
..o.....oo.
.....#...#.....#
<[l†..o....
..<..#...#.....#
...........
#...#.....+


You could see an orc priest, an orc and a frilled lizard (wandering).

Vanquished Creatures
  A scorpion (D:4)
  3 orc wizards
  6 adders
  3 worms
  A dart slug (D:1)
  2 leopard geckos (D:2)
  9 orcs
  2 giant cockroaches
  8 hobgoblins
  2 jackals (D:3)
  2 ball pythons
  9 bats
  8 goblins
  A jackal skeleton (D:3)
  5 kobolds
  10 rats
72 creatures vanquished.

Vanquished Creatures (others)
  An orc wizard (D:3)
1 creature vanquished.

Grand Total: 73 creatures vanquished

Notes
Turn   | Place    | Note
-------+----------+-------------------------------------------
     0 | D:1      | vegansnacktivist the Felid Berserker began the quest for the Orb.
     0 | D:1      | Reached XP level 1. HP: 10/10 MP: 2/2
   251 | D:1      | Reached XP level 2. HP: 12/14 MP: 3/3
   496 | D:1      | Reached skill level 4 in Unarmed Combat
   597 | D:1      | Reached ** piety under Trog
   670 | D:1      | Reached XP level 3. HP: 17/17 MP: 4/4
  1053 | D:2      | Found an ornate altar of the Wu Jian Council.
  1113 | D:2      | Reached skill level 5 in Unarmed Combat
  1113 | D:2      | Reached XP level 4. HP: 18/21 MP: 5/5
  1548 | D:3      | Found a faded altar of an unknown god.
  1918 | D:3      | Reached skill level 6 in Unarmed Combat
  1918 | D:3      | Reached XP level 5. HP: 13/24 MP: 6/6
  2173 | D:3      | Noticed ghost0087's ghost (amateur VSFi)
  2203 | D:4      | HP: 1/24 [orc/morningstar (6)]
  2208 | D:4      | Killed from afar by an orc wizard
  2209 | D:4      | Reached XP level 4. HP: -1/21 MP: 5/5
  2209 | D:4      | Found a staircase to the Ecumenical Temple.
  2222 | D:4      | Reached XP level 5. HP: 20/24 MP: 6/6
  2247 | D:4      | Killed from afar by an orc priest

Vault maps used:
D:1:      onia_arrival_mini_spirals
D:2:      old_standard_altar
D:3:      chequers_temple_overflow_statue_of_worship, first_ration,
          chequers_ecumenical_altar_simple_redux
D:4:      nicolae_overflow_crystal_walls, minmay_temple_entry_purple_smoke

Skill      XL: |  1  2  3  4 |
---------------+-------------+-----
Unarmed Combat | 4 5 6 |  6.9
Fighting       | |  3.0
Dodging        | |  4.0

Action                   |  1- 3 |  4- 6 || total
-------------------------+-------+-------++-------
Melee: Unarmed           |    79 |   102 ||   181
       Bite              |     4 |    17 ||    21
       Punch             |       |     3 ||     3
Invok: Berserk           |       |     2 ||     2
       Trog's Hand       |       |     1 ||     1
 Stab: Sleeping          |     8 |     2 ||    10
       Distracted        |       |     1 ||     1
  Eat: Chunk             |     7 |     5 ||    12
Armor: Skin              |    12 |     1 ||    13
Dodge: Dodged            |    69 |    87 ||   156

Table legend:
 A = Spawn XP
 B = Non-spawn XP
 C = Spawn XP percentage of total XP
 D = Spawn monster count
 E = Non-spawn monster count
 F = Spawn count percentage of total count
 G = Total turns spent on level
                    A         B        C        D         E        F      G
               +---------+---------+-------+---------+---------+-------+---------
         Total |       0 |     415 |   0.0 |       0 |      73 |   0.0 |  2247
               +---------+---------+-------+---------+---------+-------+---------
           D:1 |       0 |      43 |   0.0 |       0 |      27 |   0.0 |   818
           D:2 |       0 |      90 |   0.0 |       0 |      20 |   0.0 |   853
           D:3 |       0 |     131 |   0.0 |       0 |      20 |   0.0 |   526
           D:4 |       0 |     151 |   0.0 |       0 |       6 |   0.0 |    50
               +---------+---------+-------+---------+---------+-------+---------
